 Dungeon Crawl Stone Soup version 0.30-a0-691-g754fce4c43 (webtiles) character file.

Game seed: 11199030379397891446

331 Newt the Trooper (level 6, 0/48 HPs)
             Began as a Demonspawn Gladiator on Jan 19, 2023.
             Slain by a hound (1 damage)
             ... on level 4 of the Dungeon.
             The game lasted 00:03:58 (2492 turns).

Newt the Trooper (Demonspawn Gladiator)             Turns: 2492, Time: 00:03:58

Health: 0/48       AC: -16   Str: 16    XL:     6   Next: 26%
Magic:  6/6        EV: 13    Int: 10    God:
Gold:   127        SH:  0    Dex: 14    Spells: 5/5 levels left

rFire   . . .      SeeInvis .    q - +2 hand axe (vamp)
rCold   . . .      Faith    .    (no shield)
rNeg    . . .      Spirit   .    b - +0 leather armour
rPois   +          Reflect  .    (helmet restricted)
rElec   .          Harm     .    (no cloak)
rCorr   .          Rampage  .    (no gloves)
Will    .....                    (no boots)
Stlth   ++                       (no amulet)
HPRegen 0.28/turn                f - ring of poison resistance
MPRegen 0.10/turn                i - ring of flight

@: corroded, flying, hasted, very quick
A: antennae 2, ignite blood 2
a: no special abilities


You were on level 4 of the Dungeon.
You visited 1 branch of the dungeon, and saw 4 of its levels.

You collected 127 gold pieces.

Inventory:

Hand Weapons
 a - a +0 rapier
 d - a +2 scythe of protection
 g - a +2 dagger of speed
 q - a +2 vampiric hand axe (weapon)
Armour
 b - a +0 leather armour (worn)
 c - a +0 helmet
Jewellery
 f - a ring of poison resistance (left hand)
 i - a ring of flight (right hand)
Potions
 h - a potion of lignification
 m - a potion of might
 n - a potion of curing


   Skills:
 - Level 4.0 Fighting
 - Level 2.6 Short Blades
 - Level 1.7 Throwing
 + Level 2.2 Armour
 - Level 4.0 Dodging
 - Level 3.0 Stealth


You had 5 spell levels left.
You didn't know any spells.
Your spell library contained the following spells:

 Spells                   Type           Power      Damage    Failure   Level
 Blink                    Tloc           0%         N/A       56%         2
 Lesser Beckoning         Tloc           0%         N/A       56%         2
 Momentum Strike          Conj/Tloc      0%         3d8       56%         2
 Ignite Poison            Fire/Tmut/Pois 0%         N/A       80%         3
 Kindle Blastsparks       Fire/Tloc/Air  0%         2d10      80%         3
 Summon Guardian Golem    Hex/Summ       0%         N/A       80%         3
 Freezing Cloud           Conj/Ice/Air   0%         6-21      100%        5
 Orb of Destruction       Conj           0%         9d5       100%        7
 Spellforged Servitor     Conj/Summ      0%         N/A       100%        7


Dungeon Overview and Level Annotations

Branches:
Dungeon (4/15)
 Temple: D:4-7

Altars:
Cheibriados
Nemelex Xobeh
Ru
Trog
Vehumet


Innate Abilities, Weirdness & Mutations

You have a pair of antennae on your head.
Your demonic aura often causes spilled blood to erupt in flames.


Message History

The jelly struggles against the net.
You hit the jelly but do no damage.
Your hands burn!
The jelly is heavily wounded.
The jelly struggles against the net.
The net rips apart, and the jelly comes free!
The jelly misses you. The jelly attacks as you move away!
The jelly barely misses you.
Found a stone staircase leading down.
Throw: throwing net
Press: ? - help, Q - select action Shift-Dir - straight line, f/p - jelly
Aim: a jelly (heavily wounded, 90% to hit)
You throw a throwing net.
The throwing net barely misses the jelly.
The jelly hits you.
You are splashed with acid!
* * * LOW HITPOINT WARNING * * *
Blink to where?
Press: ? - help, Dir - move target, p - jelly
Found 2 white potions.
As you read the scroll of blinking, it crumbles to dust.
An orc comes into view.
It is wielding a +0 whip. 2 hounds come into view.
Found a scale mail.
The hound barks!
A ball python comes into view.
The hound barely misses you. x2
You see here a +0 scale mail.
The hound attacks as you move away! The hound bites you.
* * * LOW HITPOINT WARNING * * *
The hound barely misses you.
An iguana comes into view.
The iguana moves out of view.
The hound bites you.
* * * LOW HITPOINT WARNING * * *
Okay, then.
You feel yourself speed up.
The ball python hisses angrily.
The hound bites you.
* * * LOW HITPOINT WARNING * * *
The hound bites you.
You die...

##.###..### .#.. #
##..###J.##...# .
.##S##.#...{.....#
....{...#.##.(.....#
##...#..[#######!#.#
.....##S## .# .
.......h# #
.######h# #@# #.#
#.# ..# #.# #.# ...
#..


You could see 2 hounds and a ball python.

Vanquished Creatures
  Sigmund (D:2)
  Jessica (D:3)
  Robin (D:2)
  4 adders
  A worm (D:2)
  2 dart slugs (D:1)
  5 orcs (D:3)
  6 ball pythons
  6 bats
  4 endoplasms
  5 giant cockroaches
  11 hobgoblins
  A quokka (D:1)
  4 frilled lizards
  14 goblins
  9 kobolds
  6 rats
81 creatures vanquished.

Notes
Turn   | Place    | Note
-------+----------+-------------------------------------------
     0 | D:1      | Newt the Demonspawn Gladiator began the quest for the Orb.
     0 | D:1      | Reached XP level 1. HP: 16/16 MP: 1/1
    54 | D:1      | Reached skill level 1 in Stealth
   116 | D:1      | Found a faded altar of an unknown god.
   123 | D:1      | Gained mutation: Your demonic aura sometimes causes spilled
                  | blood to erupt in flames. [demonic ancestry]
   123 | D:1      | Reached XP level 2. HP: 15/22 MP: 2/2
   813 | D:2      | Gained mutation: You have a pair of small antennae on your
                  | head. [demonic ancestry]
   813 | D:2      | Reached XP level 3. HP: 22/27 MP: 3/3
   891 | D:2      | Noticed Robin
   933 | D:2      | Noticed Sigmund
   936 | D:2      | Killed Robin
   937 | D:2      | Gained mutation: You have a pair of antennae on your head.
                  | [demonic ancestry]
   937 | D:2      | Reached XP level 4. HP: 19/35 MP: 4/4
  1173 | D:2      | Killed Sigmund
  1174 | D:2      | Gained mutation: Your demonic aura often causes spilled
                  | blood to erupt in flames. [demonic ancestry]
  1174 | D:2      | Reached XP level 5. HP: 27/42 MP: 5/5
  1526 | D:2      | Reached skill level 1 in Armour
  1617 | D:2      | Reached XP level 6. HP: 39/48 MP: 6/6
  1930 | D:3      | Found a snail-covered altar of Cheibriados.
  1998 | D:3      | Noticed Jessica
  2000 | D:3      | Killed Jessica
  2279 | D:3      | Found a sacrificial altar of Ru.
  2289 | D:3      | Found a bloodstained altar of Trog.
  2292 | D:3      | Found a sparkling altar of Nemelex Xobeh.
  2296 | D:3      | Found a radiant altar of Vehumet.
  2492 | D:4      | HP: 1/48 [hound (6)]
  2492 | D:4      | Slain by a hound

Illustrated notes

Levels and vault maps discovered:
D:1:      dpeg_arrival_oval, layout_loops_ring,
          chequers_ecumenical_altar_simple_redux
D:2:      minmay_skewed_foursquare, layout_basic, uniq_robin, uniq_sigmund
D:3:      layout_basic, nicolae_overflow_hallway_of_the_gods, uniq_jessica
D:4:      layout_loops_ring, cheibrodos_sewer_entry_drain, uniq_blork_the_orc

Skill      XL: |  1  2  3  4  5  6 |
---------------+-------------------+-----
Stealth        | 1 2 3 |  3.0
Fighting       | 3 4 |  4.0
Dodging        | 4 |  4.0
Armour         | 1 2 |  2.2
Short Blades   | |  2.6
Throwing       | |  1.7

Action                   |  1- 3 |  4- 6 || total
-------------------------+-------+-------++-------
Melee: Dagger            |   106 |     7 ||   113
       Punch             |     3 |       ||     3
       Halberd           |       |   125 ||   125
       Hand axe          |       |    11 ||    11
Throw: Throwing net      |     1 |     5 ||     6
       Javelin           |       |     1 ||     1
  Use: Scroll            |     2 |     8 ||    10
       Potion            |       |     1 ||     1
 Stab: Sleeping          |     4 |     7 ||    11
       Held in net/web   |     1 |       ||     1
Armor: Leather armour    |    13 |    45 ||    58
Dodge: Dodged            |    49 |   117 ||   166

Table legend: (Time is in decaauts)
 A = Elapsed time spent in this place.
 B = Non-inter-level travel time spent in this place.
 C = Inter-level travel time spent in this place.
 D = Time resting spent in this place.
 E = Time spent auto-exploring this place.
 F = Levels seen in this place.
 G = Mean time per level.
                   A        B        C        D        E       F      G
               +--------+--------+--------+--------+--------+-----+--------+
         Total |   2501 |   2386 |    115 |    179 |   1640 |   4 |  625.2 |
       Dungeon |   2501 |   2386 |    115 |    179 |   1640 |   4 |  625.2 |
               +--------+--------+--------+--------+--------+-----+--------+

Top non-repeatable levels by time:
     D:1: 961 daAuts
     D:2: 869 daAuts
     D:3: 631 daAuts
     D:4: 39 daAuts
